 Dungeon Crawl Stone Soup version 0.17-a0-1674-g2b13139 (webtiles) character file.

560 nubinia the Conjurer (level 7, 19/42 HPs)
             Began as an Octopode Conjurer on Aug 18, 2015.
             Was an Initiate of Sif Muna.
             Quit the game on level 1 of the Abyss.
             The game lasted 00:32:22 (6914 turns).

nubinia the Conjurer (Octopode Conjurer)            Turns: 6914, Time: 00:32:22

Health: 19/42      AC:  2    Str:  8    XL:     7   Next: 31%
Magic:  12/12      EV: 18    Int: 20    God:    Sif Muna [......]
Gold:   339        SH:  6    Dex: 18    Spells: 3 memorised, 7 levels left

rFire  . . .     SeeInvis .     a - +0 dagger
rCold  + + .     Clarity  .     K - +2 buckler
rNeg   + + .     SustAt   .     (helmet restricted)
rPois  +         Gourm    .     F - amulet of rage
rElec  +         Spirit   .     h - +2 ring of slaying
rCorr  +         Warding  .     B - ring of positive energy
rMut   .         Rnd*Tele +     A - ring of positive energy
MR     .....                    H - +1 ring of protection
Stlth  ++++++....               I - +2 ring of intelligence
                                r - ring of ice
                                x - ring of teleportation
                                (no ring)

@: agile, about to teleport, resistant, not resistant to hostile enchantments,
very stealthy
A: almost no armour, amphibious, 8 rings, constrict 8, camouflage 1,
deterioration 1, slow healing 1, gelatinous body 1
a: Renounce Religion, Evoke Berserk Rage, Evoke Teleportation


You were on level 1 of the Abyss.
You worshipped Sif Muna.
Sif Muna was noncommittal.
You were hungry.

You visited 2 branches of the dungeon, and saw 7 of its levels.
You visited the Abyss 1 time.

You collected 339 gold pieces.

Inventory:

Hand weapons
 a - a +0 dagger (weapon)
 b - a +0 blowgun
 N - a +4 falchion of distortion
Missiles
 v - 34 poisoned needles
 C - 2 needles of frenzy
Armour
 K - a +2 buckler (worn)
Jewellery
 h - a +2 ring of slaying (left tentacle)
 r - a ring of ice (on tentacle)
 x - a ring of teleportation (on tentacle)
 A - a ring of positive energy (on tentacle)
 B - a ring of positive energy (right tentacle)
 F - an amulet of rage (around mantle)
 H - a +1 ring of protection (on tentacle)
 I - a +2 ring of intelligence (on tentacle)
Magical devices
 o - a wand of flame (32)
 s - a wand of hasting (4)
 u - a wand of draining (14)
Scrolls
 c - 4 scrolls of teleportation
 d - 5 scrolls of remove curse
 e - a scroll of blinking {unknown}
 m - a scroll of recharging
 n - a scroll of noise {unknown}
 w - 2 scrolls of fog {unknown}
 y - a scroll of random uselessness {unknown}
 J - a scroll of enchant weapon {unknown}
 L - a scroll of vulnerability {unknown}
Potions
 i - 2 potions of invisibility
 j - 4 potions of curing
 z - a potion of berserk rage
 D - a potion of flight
 E - 2 potions of brilliance
Books
 g - a book of Conjurations

   Spells                             Type                      Level
   a - Magic Dart                     Conjuration                  1
   b - Searing Ray                    Conjuration                  2
   c - Dazzling Spray                 Conjuration/Hexes            3
   d - Fulminant Prism                Conjuration/Hexes            4
   e - Iskenderun's Mystic Blast      Conjuration                  4
   f - Iskenderun's Battlesphere      Conjuration/Charms           5
 p - a book of Spatial Translocations

   Spells                             Type                      Level
   a - Apportation                    Translocation                1
   b - Blink                          Translocation                2
   c - Shroud of Golubria             Charms/Translocation         2
   d - Portal Projectile              Translocation                3
   e - Teleport Other                 Translocation                3
   f - Passage of Golubria            Translocation                4
 G - a book of Callings

   Spells                             Type                      Level
   a - Summon Small Mammal            Summoning                    1
   b - Call Imp                       Summoning                    2
   c - Call Canine Familiar           Summoning                    3
   d - Summon Guardian Golem          Hexes/Summoning              3
   e - Summon Lightning Spire         Summoning/Air                4
   f - Summon Ice Beast               Ice/Summoning                4
Comestibles
 k - 2 meat rations
 l - a beef jerky
 q - 7 bread rations


   Skills:
 + Level 0.4 Fighting
 + Level 1.0 Short Blades
 + Level 2.8 Dodging
 + Level 5.8 Stealth
 * Level 1.3 Shields
 * Level 3.3 Spellcasting
 * Level 6.0 Conjurations
 * Level 1.2 Hexes
 + Level 0.6 Translocations


You had 7 spell levels left.
You knew the following spells:

 Your Spells              Type           Power        Failure   Level  Hunger
a - Magic Dart            Conj           ####         1%          1    None
b - Dazzling Spray        Conj/Hex       ###.....     17%         3    ###....
c - Apportation           Tloc           #.........   17%         1    None


Dungeon Overview and Level Annotations

Branches:
Dungeon (6/15)             Temple (1/1) D:4

Altars:
Cheibriados
Dithmenos
Elyvilon
Fedhas
Kikubaaqudgha
Okawaru
Qazlal
Sif Muna
Trog
Vehumet
Xom
Zin
The Shining One

Annotations:
D:4 exclusion: 2 slaves, Edmund, Menkaure


Innate Abilities, Weirdness & Mutations

You cannot wear most types of armour.
You are amphibious.
You can wear up to eight rings at the same time.
You can use your tentacles to constrict eight enemies at once.
Your skin changes colour to match your surroundings (Stealth).
Your rubbery body absorbs attacks (AC +1).
Your body sometimes deteriorates upon taking damage.
You heal slowly when monsters are visible.


Message History

The neqoxec gestures at you.
Strange energies course through your body.
You feel yourself wasting away.
An iron imp and an apocalypse crab come into view.
The iron imp shouts, "Get thee hence, thou clouted moon-mazed baggage!"
Found a meat ration and a robe.
Read which item? (? for menu, Esc to quit)
As you read the scroll of teleportation, it crumbles to dust.
You feel strangely unstable.
You feel the power of the Abyss delaying your translocation!
A tentacled starspawn comes into view.
Drink which item? (? for menu, Esc to quit)
It was a potion of agility.
You feel agile all of a sudden.
Drink which item? (? for menu, Esc to quit)
It was a potion of resistance.
You feel protected.
Drink which item? (? for menu, Esc to quit)
It was a potion of poison.
You feel slightly nauseous. The neqoxec misses you.
Are you sure you want to abandon this character and quit the game? (Confirm with "yes".)

#### 5.. #
#.####
#G##.##@##.##[
#≈...X3.5..t.≈#
#.##.##.##.##%#
## #### # .3.#
##X####
##.##5##$# .≈..
..... # #.##
##X##$#


You could see an apocalypse crab, a large abomination, a neqoxec and an iron
imp.

Vanquished Creatures
  An ice beast (D:5)
  2 hounds (D:4)
  2 orc wizards
  2 giant frog skeletons
  A jelly (D:5)
  3 worker ants
  A hound skeleton (D:6)
  3 adders
  3 gnolls (D:2)
  An adder skeleton (D:4)
  2 worms
  7 giant geckos
  13 orcs
  4 ball pythons
  7 goblins
  8 hobgoblins
  6 jackals
  4 kobolds
  A quokka (D:2)
  9 bats
  4 giant cockroaches
  4 giant newts
  A quokka skeleton (D:4)
  9 rats
98 creatures vanquished.

Vanquished Creatures (others)
  2 starspawn tentacles (Abyss:1)
2 creatures vanquished.

Grand Total: 100 creatures vanquished

Notes
Turn   | Place    | Note
--------------------------------------------------------------
     0 | D:1      | nubinia the Octopode Conjurer began the quest for the Orb.
     0 | D:1      | Reached XP level 1. HP: 11/11 MP: 3/3
   281 | D:1      | Reached XP level 2. HP: 17/17 MP: 3/5
   922 | D:1      | Reached XP level 3. HP: 21/21 MP: 6/6
   927 | D:1      | Learned a level 3 spell: Dazzling Spray
  1141 | D:2      | Found a snail-covered altar of Cheibriados.
  1580 | D:2      | Reached skill level 5 in Conjurations
  1668 | D:2      | Found a glowing silver altar of Zin.
  1720 | D:2      | Reached XP level 4. HP: 27/27 MP: 2/7
  1946 | D:2      | Found a glowing golden altar of the Shining One.
  2866 | D:2      | Reached XP level 5. HP: 6/31 MP: 2/8
  3535 | D:3      | Found a shadowy altar of Dithmenos.
  3536 | D:3      | Found a stormy altar of Qazlal.
  4057 | D:4      | Reached skill level 5 in Stealth
  4118 | D:4      | Reached XP level 6. HP: 36/36 MP: 6/10
  4175 | D:4      | Noticed Edmund
  4358 | D:4      | Found a staircase to the Ecumenical Temple.
  4370 | Temple   | Entered the Ecumenical Temple
  4389 | Temple   | Became a worshipper of Sif Muna the Loreminder
  4446 | D:4      | Learned a level 1 spell: Apportation
  4539 | D:4      | Noticed a slave
  4630 | D:4      | Noticed Menkaure
  4789 | D:5      | Entered Level 5 of the Dungeon
  5372 | D:4      | Reached skill level 1 in Shields
  5521 | D:4      | Noticed a slave
  6017 | D:5      | Reached skill level 1 in Short Blades
  6017 | D:5      | Reached skill level 6 in Conjurations
  6017 | D:5      | Reached skill level 1 in Hexes
  6017 | D:5      | Reached XP level 7. HP: 21/42 MP: 1/11
  6209 | D:5      | Noticed a water moccasin
  6607 | D:6      | Cast into the Abyss (a distortion unwield)
  6647 | Abyss:1  | Noticed a smoke demon
  6676 | Abyss:1  | Found a bloodstained altar of Trog.
  6676 | Abyss:1  | Noticed a large abomination
  6736 | Abyss:1  | Noticed a wretched star
  6839 | Abyss:1  | Noticed a smoke demon
  6899 | Abyss:1  | Noticed a neqoxec
  6900 | Abyss:1  | Noticed a large abomination
  6901 | Abyss:1  | Noticed a tentacled starspawn
  6902 | Abyss:1  | Gained mutation: You heal slowly when monsters are visible. [a neqoxec]
  6906 | Abyss:1  | Noticed a giant orange brain
  6907 | Abyss:1  | Gained mutation: Your body sometimes deteriorates upon taking damage. [a neqoxec]
  6908 | Abyss:1  | Noticed an apocalypse crab
  6911 | Abyss:1  | Noticed a tentacled starspawn
  6914 | Abyss:1  | Quit the game

Vault maps used:
D:1:      matt_arrival_spirals
D:2:      cheibriados_altar_1, zin_academy, nicolae_tso_carved_into_rock
D:3:      minitemple, first_bread
D:4:      temple_fountains, uniq_edmund, uniq_blork_the_orc, uniq_pikel,
          uniq_menkaure
D:5:      nemelex_deck
Temple:   circular_temple_12

Action                   |  1- 3 |  4- 6 |  7- 9 || total
-------------------------+-------+-------+-------++-------
Melee: Unarmed           |     4 |       |       ||     4
       Dagger            |    43 |    88 |    17 ||   148
 Cast: Magic Dart        |    43 |    86 |     2 ||   131
       Dazzling Spray    |       |     5 |       ||     5
       Apportation       |       |     1 |       ||     1
 Abil: Evoke Teleportati |       |       |     1 ||     1
  Use: Scroll            |     4 |     3 |     2 ||     9
       Potion            |       |     2 |     3 ||     5
 Stab: Sleeping          |     6 |    11 |       ||    17
       Distracted        |     1 |       |       ||     1
  Eat: Chunk             |     3 |    12 |     1 ||    16
       Royal jelly       |       |     1 |       ||     1
       Pizza             |       |       |     1 ||     1
